 Dungeon Crawl Stone Soup version 0.24.0-13-gcf9b3192b9 (webtiles) character file.

Game seed: 17948993744488151116, levelgen mode: deterministic

98 sking99 the Insei (level 4, -3/28 HPs)
             Began as an Octopode Transmuter on Nov 8, 2019.
             Slain by a phantom (5 damage)
             ... on level 3 of the Dungeon.
             The game lasted 00:06:06 (3999 turns).

sking99 the Insei (Octopode Transmuter)             Turns: 3999, Time: 00:06:06

Health: -3/28      AC:  2    Str:  9    XL:     4   Next: 71%
Magic:  6/8        EV: 19    Int: 16    God:
Gold:   186        SH:  0    Dex: 17    Spells: 2/8 levels left

rFire    . . .     SeeInvis .     - Unarmed
rCold    . . .     Gourm    .   (shield currently unavailable)
rNeg     . . .     Faith    .   (helmet currently unavailable)
rPois    x         Spirit   .   (no amulet)
rElec    .         Reflect  .   (no ring)
rCorr    .         Harm     .   (no ring)
MR       .....                  (no ring)
Stlth    ++........             (no ring)
HPRegen  0.09/turn              (no ring)
MPRegen  0.11/turn              (no ring)
                                (no ring)
                                (no ring)

@: spider-form (expiring)
A: tiny, almost no armour, stealthy swim, (amphibious), 8 rings, (constrict 8)
a: End Transformation


You were on level 3 of the Dungeon.
You were not hungry.
You were a venomous arachnid creature.
You visited 1 branch of the dungeon, and saw 4 of its levels.

You collected 186 gold pieces.

Inventory:

Missiles
 a - 39 arrows
Armour
 k - a +0 buckler
Scrolls
 b - a scroll of blinking {unknown}
 d - a scroll of teleportation {unknown}
 e - a scroll of enchant armour {unknown}
 f - 5 scrolls of identify {unknown}
 h - a scroll of enchant weapon {unknown}
 l - a scroll of magic mapping {unknown}
 m - a scroll of remove curse {unknown}
Potions
 g - 2 potions of mutation {unknown}
 i - a potion of magic {unknown}
 j - a potion of flight {unknown}
 n - a potion of curing {unknown}
Comestibles
 c - 7 rations


   Skills:
 + Level 1.6 Fighting
 - Level 2.0 Dodging
 * Level 3.6 Unarmed Combat
 + Level 2.7 Spellcasting
 + Level 2.9 Transmutations
 + Level 1.6 Poison Magic


You had 2 spell levels left.
You knew the following spells:

 Your Spells              Type           Power        Failure   Level  Hunger
a - Beastly Appendage     Tmut           ##....       16%         1    #......
b - Sticks to Snakes      Tmut           ##......     22%         2    ##.....
c - Spider Form           Tmut/Pois      #.........   43%         3    ###....

Your spell library contained the following spells:

 Spells                   Type           Power        Failure   Level  Hunger
 Ice Form                 Ice/Tmut       #.......     87%         4    #####..
 Blade Hands              Tmut           ##........   94%         5    ######.


Dungeon Overview and Level Annotations

Branches:
Dungeon (4/15)
 Temple: D:4-7

Altars:
Dithmenos
Vehumet

Annotations:
D:3 2 transporters


Innate Abilities, Weirdness & Mutations

You cannot wear most types of armour.
You are very stealthy in the water. (Stealth+)
((You are amphibious.))
You can wear up to eight rings at the same time.
((You can use your tentacles to constrict eight enemies at once.))
((Your skin changes colour to match your surroundings (Stealth+).))
((Your rubbery body absorbs attacks. (AC +1, EV +1)))


Message History

The phantom is lightly damaged.
The phantom hits you!
You hit the phantom.
The phantom is moderately damaged.
The phantom hits you!
* * * LOW HITPOINT WARNING * * *
You bite the phantom!
The phantom is heavily damaged.
The phantom misses you.
You barely miss the phantom.
The phantom is heavily damaged.
The phantom misses you.
You hit the phantom.
The phantom is heavily damaged.
Your transformation is almost over.
The phantom closely misses you.
You hit the phantom.
The phantom is severely damaged.
The phantom hits you.
You die...

##### #.#.### ####..^..#
###....###.# #..........# ###
#.#'######## ..#
#####........#
..##############.W..........#
................s..#........#
..#####.########.#.##.......#
..#####.# ###...#..........#
..##....# #.#.#######'###'##
..##.#######.[.#....##.# #.#
...........#.....##....# #.#
.##.######.#.....#########.###
.##..).###.#...<###..........#
.#####.#......#...#.##.....#.#


You could see a phantom.

Vanquished Creatures
  3 slaves
  3 adders (D:2)
  An ooze (D:3)
  A worm (D:2)
  3 leopard geckos
  4 orcs (D:3)
  6 bats
  4 giant cockroaches
  2 goblins (D:1)
  5 hobgoblins
  6 jackals (D:1)
  3 quokkas
  3 ball pythons
  2 frilled lizards (D:1)
  5 kobolds
  7 rats (D:1)
58 creatures vanquished.

Notes
Turn   | Place    | Note
-------+----------+-------------------------------------------
     0 | D:1      | sking99 the Octopode Transmuter began the quest for the
                  | Orb.
     0 | D:1      | Reached XP level 1. HP: 13/13 MP: 3/3
   213 | D:1      | Reached XP level 2. HP: 18/18 MP: 5/5
   965 | D:1      | Reached XP level 3. HP: 17/23 MP: 6/6
  1673 | D:1      | Learned a level 2 spell: Sticks to Snakes
  1677 | D:1      | Learned a level 3 spell: Spider Form
  1853 | D:2      | Reached skill level 1 in Poison Magic
  1853 | D:2      | Reached XP level 4. HP: 22/28 MP: 7/7
  1870 | D:2      | Found a faded altar of an unknown god.
  2881 | D:3      | Found a radiant altar of Vehumet.
  2887 | D:3      | Found a shadowy altar of Dithmenos.
  2941 | D:3      | Found a transporter.
  2964 | D:3      | Found a transporter.
  3110 | D:4      | Noticed a slave
  3168 | D:4      | Noticed a slave
  3172 | D:4      | Noticed a slave
  3183 | D:4      | Killed a slave
  3205 | D:3      | Killed a slave
  3489 | D:3      | Killed a slave
  3736 | D:4      | Noticed a phantom
  3999 | D:3      | Slain by a phantom

Levels and vault maps discovered:
D:1:      ebering_trefoil_3fold, layout_loops_corners, skrybe_limestone_x
D:2:      layout_rooms, chequers_ecumenical_altar_island
D:3:      gammafunk_wand_slinger, layout_basic, minitemple, first_ration
D:4:      layout_layer_cave, old_standard_altar, serial_bayou_pond_b,
          uniq_pikel, uniq_blork_the_orc

Skill      XL: |  1  2  3 |
---------------+----------+-----
Poison Magic   | 1 |  1.6
Fighting       | |  1.6
Dodging        | |  2.0
Unarmed Combat | |  3.6
Spellcasting   | |  2.7
Transmutations | |  2.9

Action                   |  1- 3 |  4- 6 || total
-------------------------+-------+-------++-------
Melee: Unarmed           |    89 |    92 ||   181
       Constrict         |    30 |     9 ||    39
       Tentacles         |    12 |     7 ||    19
       Kick              |     8 |     2 ||    10
       Punch             |     4 |     2 ||     6
 Cast: Beastly Appendage |     9 |     1 ||    10
       Spider Form       |       |     7 ||     7
 Stab: Sleeping          |     6 |     3 ||     9
  Eat: Chunk             |     3 |     4 ||     7
       Ration            |       |     1 ||     1
Armor: Skin              |     8 |     3 ||    11
Dodge: Dodged            |    53 |    61 ||   114
